[Event "Titled Tuesday Blitz June 27 Late 2023"]
[White "Bayo Milagro, Alvaro"]
[Black "Kopacz, Grzegorz"]
[WhiteFideId "22275240"]
[BlackFideId "1109880"]
[WhiteElo "2577"]
[BlackElo "2206"]
[Result "1-0"]
[Round "1"]
[TimeControl "180+2"]
[Date "2023.06.27"]
[WhiteClock "0:01:05"]
[BlackClock "0:00:41"]
[Board "159"]

1. d4 Nf6 2. Nf3 g6 3. g3 Bg7 4. Bg2 d5 5. O-O O-O 6. c4 c6 7. b3 dxc4 8. bxc4 c5 9. Bb2 Qb6 10. Qb3 Ne4 11. e3 Nc6 12. Nc3 Nxc3 13. Bxc3 cxd4 14. Qxb6 axb6 15. Nxd4 Nxd4 16. Bxd4 Bxd4 17. exd4 Ra4 18. Rfc1 Be6 19. Bxb7 Rxc4 20. d5 Rxc1+ 21. Rxc1 Bf5 22. Rc7 Rd8 23. Rxe7 Kf8 24. Rc7 Rd6 25. f3 h5 26. Kf2 b5 27. Ke3 b4 28. Kd4 Rb6 29. Kc5 b3 30. axb3 Rxb3 31. d6 Rxf3 32. Bxf3 1-0


[Site "https://www.chess.com"]

[Event "Titled Tuesday Blitz June 27 Late 2023"]
[White "Palacio,Igor Da Paz"]
[Black "Janaszak, Dawid"]
[WhiteFideId "2121140"]
[BlackFideId "1119206"]
[WhiteElo "2204"]
[BlackElo "2574"]
[Result "1/2-1/2"]
[Round "1"]
[TimeControl "180+2"]
[Date "2023.06.27"]
[WhiteClock "0:00:06"]
[BlackClock "0:00:44"]
[Board "160"]

1. e4 c5 2. Nc3 e6 3. g3 d5 4. exd5 exd5 5. Bg2 d4 6. Nd5 Nf6 7. Qe2+ Be6 8. Nxf6+ gxf6 9. Bxb7 Nd7 10. Nh3 Rb8 11. Bd5 Ne5 12. Bxe6 fxe6 13. f4 Qd5 14. O-O d3 15. Qh5+ Nf7 16. Qxd5 exd5 17. cxd3 c4 18. dxc4 Bc5+ 19. Kg2 dxc4 20. d3 cxd3 21. Rd1 Rd8 22. Nf2 Bxf2 23. Kxf2 O-O 24. Be3 Rfe8 25. Rd2 Nh6 26. h3 Rd7 27. g4 Nf7 28. Rad1 Red8 29. Bc5 a5 30. a3 Rd5 31. b4 h5 32. Ke3 Re8+ 33. Kf3 Red8 34. Re1 axb4 35. axb4 hxg4+ 36. hxg4 f5 37. g5 Kg7 38. Re6 R5d7 39. Re3 Nh8 40. Re7+ Kg6 41. Rxd7 Rxd7 42. Ke3 Rh7 43. Rxd3 Nf7 44. Rd7 Rh3+ 45. Kf2 Rh4 46. Kg3 Rg4+ 47. Kf3 Rh4 48. b5 Rh3+ 49. Kg2 Rc3 50. Ba7 Rc2+ 51. Kf3 Rc3+ 52. Ke2 Rb3 53. b6 Ra3 54. b7 Rxa7 55. b8=Q Rxd7 56. Qb6+ Nd6 57. Qc6 Re7+ 58. Kf3 Re6 59. Qd5 Kf7 60. Qd4 Ne4 61. Qh8 Nd6 62. Qh7+ Ke8 63. g6 Re7 64. Qg8+ Kd7 65. g7 Ne8 66. Qd5+ Kc7 67. Qxf5 Nf6 68. Qe5+ Rxe5 69. fxe5 Ng8 70. Ke4 Kd7 71. Kf5 Ke7 72. Kg6 Ke6 73. Kh7 Ne7 74. g8=Q+ Nxg8 75. Kxg8 Kxe5 1/2-1/2


[Site "https://www.chess.com"]

[Event "Titled Tuesday Blitz June 27 Late 2023"]
[White "Ezat, Mohamed"]
[Black "BrandonJiang123456"]
[WhiteFideId "10600906"]
[WhiteElo "2573"]
[BlackElo "2200"]
[Result "1-0"]
[Round "1"]
[TimeControl "180+2"]
[Date "2023.06.27"]
[WhiteClock "0:01:01"]
[BlackClock "0:00:09"]
[Board "161"]

1. d4 f5 2. Nc3 Nf6 3. Bg5 d5 4. Bxf6 exf6 5. e3 Be6 6. Bd3 Qd7 7. Qf3 Nc6 8. a3 Ne7 9. h3 Nc8 10. g4 fxg4 11. hxg4 Bxg4 12. Qxd5 Nd6 13. Bg6+ Kd8 14. Rxh7 Rxh7 15. Bxh7 c6 16. Qg2 Kc7 17. Bd3 Be6 18. Nge2 g5 19. O-O-O Rd8 20. Ng3 Kb8 21. Nge4 Nxe4 22. Bxe4 f5 23. Bd3 g4 24. Kb1 Qf7 25. Rh1 c5 26. d5 Bc8 27. Rh8 Qf6 28. Rh7 Bg7 29. Qg3+ Ka8 30. Qc7 Rg8 31. Qxc5 Qg6 32. Nb5 Qxh7 33. Qxa7# 1-0


[Site "https://www.chess.com"]

[Event "Titled Tuesday Blitz June 27 Late 2023"]
[White "Gardezi, Arsal"]
[Black "MaryanKyrychenko"]
[WhiteFideId "30949521"]
[WhiteElo "2179"]
[BlackElo "2572"]
[Result "1/2-1/2"]
[Round "1"]
[TimeControl "180+2"]
[Date "2023.06.27"]
[WhiteClock "0:00:40"]
[BlackClock "0:00:17"]
[Board "162"]

1. e4 c5 2. Nf3 d6 3. d4 cxd4 4. Nxd4 Nf6 5. Nc3 g6 6. Be3 Bg7 7. f3 O-O 8. Bc4 Nc6 9. Qd2 Bd7 10. O-O-O b5 11. Bxb5 Nxd4 12. Bxd4 Bxb5 13. Nxb5 Rb8 14. Nc3 Qa5 15. Kb1 Rfc8 16. Nd5 Qxd2 17. Nxf6+ Bxf6 18. Rxd2 Bg5 19. Rd3 a5 20. a4 Rc4 21. b3 Rxa4 22. Bb2 Rab4 23. Rd5 a4 24. Rxg5 e5 25. f4 axb3 26. c3 Rxe4 27. fxe5 dxe5 28. Rf1 f5 29. Rg3 Re2 30. Rd1 e4 31. c4 Rb7 32. Rh3 h5 33. Rg3 Kf7 34. c5 e3 35. Bc1 f4 36. Rf3 b2 37. Rxf4+ Kg8 38. Bxe3 Rxe3 39. c6 Rc7 40. Rd8+ Kg7 41. Rd7+ Rxd7 42. cxd7 Rd3 43. Kxb2 Rxd7 44. Rf2 Rd3 45. Kc2 Ra3 46. Kd2 Kh6 47. Ke2 g5 48. Rf6+ Kg7 49. Rd6 Kf7 50. Rd5 Kf6 51. Kf2 h4 52. h3 Ra2+ 53. Kg1 Re2 54. Kf1 Re6 55. Kf2 Rc6 56. Kf3 Rc4 57. Ra5 Rb4 58. Kf2 Rb2+ 59. Kf3 Rb3+ 60. Kf2 Kg6 61. Rc5 Rd3 62. Ke2 Ra3 63. Kf2 Kf6 64. Rb5 Ra4 65. Rc5 Rf4+ 66. Ke2 Kg6 67. Rd5 Kf6 68. Rc5 Rf5 69. Rxf5+ Kxf5 70. Kf3 g4+ 71. hxg4+ Kg5 72. Kf2 Kf4 73. g5 Kxg5 74. Kf3 Kf5 75. g3 h3 76. g4+ Kg5 77. Kg3 h2 78. Kxh2 Kxg4 1/2-1/2


[Site "https://www.chess.com"]

[Event "Titled Tuesday Blitz June 27 Late 2023"]
[White "Nefedov, Sergey"]
[Black "Cooper, Aaron"]
[WhiteFideId "24113417"]
[BlackFideId "2634945"]
[WhiteElo "2571"]
[BlackElo "2177"]
[Result "1-0"]
[Round "1"]
[TimeControl "180+2"]
[Date "2023.06.27"]
[WhiteClock "0:00:17"]
[BlackClock "0:00:03"]
[Board "163"]

1. d4 Nf6 2. Nf3 e6 3. c4 d5 4. Nc3 Be7 5. Bg5 Nbd7 6. e3 c6 7. Qc2 O-O 8. Rd1 Re8 9. Bd3 dxc4 10. Bxc4 a6 11. O-O b5 12. Bd3 Bb7 13. e4 Nf8 14. e5 Nd5 15. Bxe7 Qxe7 16. Ne4 Nb4 17. Qb1 Nxd3 18. Qxd3 Rad8 19. Nd6 Rxd6 20. exd6 Qxd6 21. Qc3 Rc8 22. Qc5 Qc7 23. Ne5 f6 24. Nf3 Nd7 25. Qe7 Nf8 26. Qxc7 Rxc7 27. Rfe1 Kf7 28. Nd2 f5 29. Nf3 h6 30. Ne5+ Kf6 31. b4 Nd7 32. Nxd7+ Rxd7 33. f4 Rd6 34. Kf2 Bc8 35. Ke3 Bd7 36. h3 Be8 37. g4 g5 38. Rg1 Bg6 39. Rd2 Rd5 40. Rc1 Rd6 41. a4 gxf4+ 42. Kxf4 fxg4 43. hxg4 Be8 44. axb5 cxb5 45. Rh1 Kg6 46. Ke5 Rb6 47. Rc1 Bc6 48. Kxe6 Bf3+ 49. Ke5 Bxg4 50. d5 Rb8 51. Rc6+ Kg5 52. Rxa6 Rd8 53. d6 h5 54. Ra5 h4 55. Rxb5 h3 56. Rbd5 Kh4 57. d7 Kg3 58. Kf6 h2 59. Rxh2 Kxh2 60. Ke7 Bxd7 61. Kxd8 Bc6 62. Rc5 Ba4 63. b5 1-0


[Site "https://www.chess.com"]

[Event "Titled Tuesday Blitz June 27 Late 2023"]
[White "le-castor-faineant"]
[Black "Ladron De Guevara Pinto, Paolo"]
[BlackFideId "2290847"]
[WhiteElo "2177"]
[BlackElo "2568"]
[Result "1/2-1/2"]
[Round "1"]
[TimeControl "180+2"]
[Date "2023.06.27"]
[WhiteClock "0:00:09"]
[BlackClock "0:00:12"]
[Board "164"]

1. e4 e6 2. d4 d5 3. Nc3 dxe4 4. Nxe4 Nd7 5. Nf3 Ngf6 6. Bd3 c5 7. Nxf6+ Nxf6 8. Be3 cxd4 9. Nxd4 Be7 10. Qe2 Qa5+ 11. Bd2 Qb6 12. Nb3 O-O 13. O-O Qc7 14. Bg5 h6 15. Bh4 Bd7 16. Rad1 Rad8 17. Nd2 Bc6 18. Ne4 Nxe4 19. Bxe7 Nc3 20. Qe1 Qxe7 21. Qxc3 Qg5 22. f3 Rd7 23. Be2 Rfd8 24. Rd3 Rxd3 25. Bxd3 g6 26. Re1 h5 27. Qe5 Qxe5 28. Rxe5 Bd5 29. a3 Kg7 30. Re3 Kf6 31. Be4 Bxe4 32. Rxe4 Rd2 33. Rc4 b5 34. Rc5 a6 35. Rc6 h4 36. h3 Ke5 37. b3 Kf4 38. Kh2 Ke3 39. c4 bxc4 40. Rxc4 Rd3 41. Rxh4 Rxb3 42. Ra4 Rb6 43. Kg3 f6 44. h4 e5 45. Kg4 Rb2 46. g3 f5+ 47. Kg5 Rg2 48. Kxg6 f4 49. Re4+ Kxf3 50. Rxe5 Rxg3+ 51. Rg5 Ke2 52. h5 Rh3 53. Rf5 f3 54. h6 f2 55. Re5+ Kd2 56. Rf5 Ke3 57. h7 Ke2 58. Re5+ Kd2 59. Rf5 Ke1 60. Re5+ Kd2 61. Rf5 Ke2 62. Re5+ Re3 63. Rxe3+ Kxe3 64. h8=Q f1=Q 65. Qc3+ Ke4 66. Qc6+ Kd4 67. Qb6+ Kc3 68. Qb4+ Kc2 69. Qa4+ Kb2 70. Qb4+ Ka2 71. a4 Qd3+ 72. Kf6 Qb3 73. Qa5 Qb7 74. Ke5 Ka3 75. Kd6 Qb4+ 76. Qxb4+ Kxb4 77. a5 Kxa5 78. Kc5 Ka4 79. Kc4 Ka3 80. Kc3 Ka2 81. Kc2 a5 82. Kc1 a4 83. Kc2 a3 84. Kc1 Ka1 85. Kc2 Ka2 86. Kc1 Kb3 87. Kb1 a2+ 88. Ka1 Ka3 1/2-1/2


[Site "https://www.chess.com"]

[Event "Titled Tuesday Blitz June 27 Late 2023"]
[White "Ganiev, Roman"]
[Black "ilya2700"]
[WhiteFideId "4131452"]
[WhiteElo "2565"]
[BlackElo "2171"]
[Result "1-0"]
[Round "1"]
[TimeControl "180+2"]
[Date "2023.06.27"]
[WhiteClock "0:00:06"]
[BlackClock "0:00:00"]
[Board "165"]

1. e4 c5 2. Nf3 e6 3. g3 d5 4. exd5 exd5 5. Bg2 Nf6 6. O-O Nc6 7. d4 Be7 8. dxc5 Bxc5 9. Re1+ Be6 10. Ng5 O-O 11. h3 h6 12. Nf3 Ne4 13. Be3 Qb6 14. Bxc5 Qxc5 15. Qe2 Nxg3 16. Qe3 Qxe3 17. Rxe3 Ne4 18. Nbd2 f5 19. Rb3 b6 20. Re3 Rac8 21. c3 b5 22. Nb3 b4 23. Nfd4 Nxd4 24. Nxd4 bxc3 25. bxc3 Bd7 26. Rc1 Rc4 27. Bf1 Rc5 28. c4 Rfc8 29. f3 Ng5 30. Re7 Ba4 31. h4 Nf7 32. Nxf5 dxc4 33. Rxf7 Kxf7 34. Nd6+ Kf6 35. Nxc8 Rxc8 36. Rxc4 Rxc4 37. Bxc4 Kf5 38. Kf2 Kf4 39. Be2 Bc6 40. Bd1 a6 41. Be2 Bb5 42. Bd1 h5 43. Bc2 Bc6 44. Bd1 a5 45. a3 Ke5 46. Bc2 Be8 47. Ke3 Kd5 48. Bb3+ Kc5 49. Kd3 Bg6+ 50. Kc3 Be8 51. Be6 Kd6 52. Bc4 Ke5 53. Kd2 Kf4 54. Ke2 Bc6 55. Kf2 Bxf3 56. Bf7 Bd1 57. Kg2 Kg4 58. Kh2 Kxh4 59. Be6 g5 60. Bf7 g4 61. Kg1 1-0


[Site "https://www.chess.com"]

[Event "Titled Tuesday Blitz June 27 Late 2023"]
[White "Hartikainen, Jarmo"]
[Black "Fantinel, Thibault"]
[WhiteFideId "503134"]
[BlackFideId "663395"]
[WhiteElo "2163"]
[BlackElo "2565"]
[Result "0-1"]
[Round "1"]
[TimeControl "180+2"]
[Date "2023.06.27"]
[WhiteClock "0:00:38"]
[BlackClock "0:01:52"]
[Board "166"]

1. e4 c5 2. c3 Nf6 3. e5 Nd5 4. d4 cxd4 5. Nf3 e6 6. cxd4 d6 7. Nc3 Nxc3 8. bxc3 Nd7 9. Bd3 Qc7 10. O-O dxe5 11. Qe2 Bd6 12. Bd2 O-O 13. Rfe1 b6 14. dxe5 Be7 15. Qe4 g6 16. Qxa8 Bb7 17. Qxf8+ Bxf8 18. Be4 Bxe4 19. Rxe4 Nc5 20. Re2 Kg7 21. h4 h6 22. Rae1 Be7 23. Bf4 Nd3 24. Rd1 Nxf4 0-1


[Site "https://www.chess.com"]

[Event "Titled Tuesday Blitz June 27 Late 2023"]
[White "Ozates, Tuna"]
[Black "campochess"]
[WhiteFideId "6354521"]
[WhiteElo "2564"]
[BlackElo "2160"]
[Result "1-0"]
[Round "1"]
[TimeControl "180+2"]
[Date "2023.06.27"]
[WhiteClock "0:01:46"]
[BlackClock "0:01:36"]
[Board "167"]

1. e4 c5 2. Nf3 Nc6 3. Bb5 e6 4. O-O Nge7 5. c3 a6 6. Ba4 b5 7. Bc2 d5 8. d3 Ng6 9. Re1 Be7 10. Nbd2 O-O 11. g3 Bb7 12. h4 Nh8 13. e5 Re8 14. d4 f6 15. exf6 gxf6 16. Rxe6 Qd7 17. Bf5 Qc7 18. Ne5 Nd8 19. Qg4+ Kf8 20. Ne4 Nxe6 21. Bh6+ 1-0


[Site "https://www.chess.com"]

[Event "Titled Tuesday Blitz June 27 Late 2023"]
[White "Oliveira, Tiago Batista"]
[Black "Ortega Amarelle, Mariano"]
[WhiteFideId "2108291"]
[BlackFideId "3504301"]
[WhiteElo "2150"]
[BlackElo "2562"]
[Result "1-0"]
[Round "1"]
[TimeControl "180+2"]
[Date "2023.06.27"]
[WhiteClock "0:00:14"]
[BlackClock "0:00:13"]
[Board "168"]

1. d4 c5 2. d5 e6 3. c4 exd5 4. cxd5 d6 5. Nc3 Nf6 6. g3 g6 7. Bg2 Bg7 8. Nf3 O-O 9. O-O a6 10. a4 Re8 11. Nd2 Nbd7 12. Nc4 Ne5 13. Nxe5 Rxe5 14. Bf4 Re7 15. e4 Ne8 16. Bg5 f6 17. Be3 b6 18. Qd2 Rb8 19. f4 b5 20. axb5 axb5 21. Rfc1 Nc7 22. Ra7 b4 23. Ne2 Nb5 24. Rxe7 Qxe7 25. Ra1 Qb7 26. h3 Ra8 27. Qc1 Ra6 28. g4 Qa7 29. Rxa6 Qxa6 30. Ng3 Nc7 31. Bf1 Qa5 32. Be2 Ba6 33. h4 Bxe2 34. Nxe2 f5 35. e5 Nxd5 36. exd6 Nxe3 37. Qxe3 Qa1+ 38. Kg2 Qxb2 39. d7 Kf7 40. Qe8+ Kf6 41. d8=Q# 1-0


[Site "https://www.chess.com"]

[Event "Titled Tuesday Blitz June 27 Late 2023"]
[White "David, Bogdan-Emanuel"]
[Black "zano2023"]
[WhiteFideId "1229907"]
[WhiteElo "2561"]
[BlackElo "2150"]
[Result "1-0"]
[Round "1"]
[TimeControl "180+2"]
[Date "2023.06.27"]
[WhiteClock "0:01:17"]
[BlackClock "0:00:52"]
[Board "169"]

1. e4 d6 2. d4 e5 3. dxe5 Nc6 4. exd6 Bxd6 5. Nc3 Nf6 6. Nf3 Bg4 7. Be2 Qe7 8. O-O O-O-O 9. Qe1 Kb8 10. h3 h5 11. Bg5 Ne5 12. Nd5 Nxf3+ 13. Bxf3 Qe6 14. Qc3 Bxf3 15. Qxf3 Nxd5 16. Bxd8 Qe5 17. g3 h4 18. Bxh4 Rxh4 19. exd5 Rxh3 20. Rae1 Rxg3+ 21. fxg3 Qd4+ 22. Qf2 1-0


[Site "https://www.chess.com"]

[Event "Titled Tuesday Blitz June 27 Late 2023"]
[White "Brown, Raehanna"]
[Black "Ambartsumova, Karina"]
[WhiteFideId "7402740"]
[BlackFideId "4166299"]
[WhiteElo "2148"]
[BlackElo "2560"]
[Result "0-1"]
[Round "1"]
[TimeControl "180+2"]
[Date "2023.06.27"]
[WhiteClock "0:00:00"]
[BlackClock "0:00:25"]
[Board "170"]

1. c4 Nf6 2. Nc3 g6 3. e4 d6 4. d4 Bg7 5. Be2 O-O 6. Nf3 a6 7. O-O c6 8. h3 b5 9. Be3 b4 10. Nb1 Nxe4 11. Qd3 d5 12. cxd5 cxd5 13. Nbd2 Nxd2 14. Qxd2 a5 15. a3 Nc6 16. axb4 Nxb4 17. Rfc1 Ba6 18. Bxa6 Rxa6 19. Rc5 Qb6 20. Qc3 e6 21. Bf4 Raa8 22. Bc7 Qb7 23. Bxa5 Rfb8 24. Kh2 Bf8 25. Ra3 Bxc5 26. dxc5 Nc6 27. Bb6 Rxa3 28. Qxa3 Ra8 29. Qc3 Qb8+ 30. g3 e5 31. b4 d4 32. Qc4 Ra4 33. Ng5 Qb7 34. Ne4 Rxb4 35. Qd5 Rb2 36. Kg2 Kg7 37. Qd6 Re2 38. Qf6+ Kg8 39. Nd6 Qd7 0-1


[Site "https://www.chess.com"]

[Event "Titled Tuesday Blitz June 27 Late 2023"]
[White "Pinheiro, Iung Alicio de O."]
[Black "Andrejic, Vladica"]
[WhiteFideId "2104350"]
[BlackFideId "928178"]
[WhiteElo "2557"]
[BlackElo "2137"]
[Result "1-0"]
[Round "1"]
[TimeControl "180+2"]
[Date "2023.06.27"]
[WhiteClock "0:00:26"]
[BlackClock "0:00:23"]
[Board "171"]

1. e4 d5 2. exd5 Nf6 3. d4 Nxd5 4. c4 Nb6 5. Nc3 e5 6. Nf3 exd4 7. Qxd4 Qxd4 8. Nxd4 Be7 9. Bf4 c6 10. O-O-O O-O 11. Bd3 h6 12. Rhe1 Bf6 13. Bf1 Na6 14. Bd6 Rd8 15. c5 Nd7 16. Ne4 Bxd4 17. Rxd4 Nf8 18. Bxa6 bxa6 19. Red1 Be6 20. b3 Bd5 21. f3 Ne6 22. Ra4 Rd7 23. Nc3 Nc7 24. Nxd5 Nxd5 25. Rxa6 Rc8 26. Kb2 Rb7 27. Rd4 f6 28. Rda4 Ne3 29. Rxa7 Rxa7 30. Rxa7 Nxg2 31. a4 Ne1 32. f4 g5 33. f5 Nd3+ 34. Kc3 Nf4 35. a5 Nd5+ 36. Kb2 Ne3 37. a6 Nxf5 38. Rb7 1-0


[Site "https://www.chess.com"]

[Event "Titled Tuesday Blitz June 27 Late 2023"]
[White "Petersson, Kjell"]
[Black "Delorme, Axel"]
[WhiteFideId "1705148"]
[BlackFideId "632023"]
[WhiteElo "2123"]
[BlackElo "2553"]
[Result "0-1"]
[Round "1"]
[TimeControl "180+2"]
[Date "2023.06.27"]
[WhiteClock "0:00:15"]
[BlackClock "0:00:11"]
[Board "172"]

1. d4 d5 2. Bf4 e6 3. e3 c5 4. c3 Nc6 5. Nd2 Nf6 6. Ngf3 Nh5 7. Bg5 f6 8. Bh4 cxd4 9. cxd4 Be7 10. g4 g5 11. gxh5 gxh4 12. Nxh4 Qb6 13. h6 Qxb2 14. Qh5+ Kd8 15. Rb1 Qxa2 16. Qf7 Kc7 17. Bb5 Qa3 18. Qg7 Bd7 19. Rb3 Qc1+ 20. Ke2 Qxh1 21. Bxc6 bxc6 22. Qxe7 Rab8 23. Nhf3 Qc1 24. Ra3 Rb7 25. Qxf6 Qxa3 26. Qxh8 c5 27. Qe5+ Kc8 28. dxc5 Bb5+ 29. Nc4 Bxc4+ 30. Kd2 Qb2+ 31. Qxb2 Rxb2+ 32. Kc3 Rxf2 33. Ne5 Rxh2 34. Kd4 Rxh6 0-1


[Site "https://www.chess.com"]

[Event "Titled Tuesday Blitz June 27 Late 2023"]
[White "Bjelobrk, Igor"]
[Black "Ricaurte Lopez, Juan Carlos"]
[WhiteFideId "4300726"]
[BlackFideId "3600327"]
[WhiteElo "2552"]
[BlackElo "2108"]
[Result "1-0"]
[Round "1"]
[TimeControl "180+2"]
[Date "2023.06.27"]
[WhiteClock "0:00:58"]
[BlackClock "0:00:00"]
[Board "173"]

1. d4 Nf6 2. c4 e6 3. g3 c5 4. d5 exd5 5. cxd5 d6 6. Nc3 g6 7. Bg2 Bg7 8. Nf3 O-O 9. O-O Re8 10. Re1 Bg4 11. h3 Bxf3 12. exf3 Rxe1+ 13. Qxe1 Na6 14. f4 Nb4 15. Qd1 Qd7 16. a3 Na6 17. Be3 b5 18. Bf1 Nc7 19. b4 c4 20. Rb1 a6 21. Bg2 Rb8 22. Rc1 Re8 23. g4 h5 24. Bf3 hxg4 25. hxg4 Nh7 26. Kg2 f5 27. g5 Qe7 28. Ne2 Rf8 29. Nd4 Nxg5 30. fxg5 f4 31. Bxf4 Rxf4 32. Ne2 1-0


[Site "https://www.chess.com"]

[Event "Titled Tuesday Blitz June 27 Late 2023"]
[White "Gyulamiryan-koryun"]
[Black "Ilkhomi, Jaloliddin"]
[BlackFideId "14700948"]
[WhiteElo "2105"]
[BlackElo "2552"]
[Result "0-1"]
[Round "1"]
[TimeControl "180+2"]
[Date "2023.06.27"]
[WhiteClock "0:00:00"]
[BlackClock "0:02:44"]
[Board "174"]

1. e4 e6 2. d4 d5 3. Nd2 Nf6 4. e5 Nfd7 5. Bd3 c5 6. c3 Nc6 7. Ne2 cxd4 8. cxd4 f6 9. exf6 Qxf6 10. Nf3 h6 11. O-O Bd6 12. Ng3 O-O 13. Be3 Rf7 14. Qd2 Nf8 15. Nh5 Qe7 16. g3 Bd7 17. Nh4 Be8 18. Ng6 Nxg6 19. Bxg6 Rf8 20. Bxe8 Qxe8 21. Nxg7 Kxg7 22. Bxh6+ Kh7 23. Bxf8 Qxf8 24. Rae1 Qf5 25. f4 Rc8 26. Qe3 Nxd4 27. Kg2 Nc2 28. Qxe6 Nxe1+ 29. Rxe1 Rc2+ 30. Kh1 Qxe6 31. Rxe6 Bc5 32. f5 d4 33. f6 Kg6 34. h4 d3 0-1


[Site "https://www.chess.com"]

[Event "Titled Tuesday Blitz June 27 Late 2023"]
[White "ElDivis"]
[Black "Ishowmoves57"]
[WhiteElo "2551"]
[BlackElo "2100"]
[Result "1-0"]
[Round "1"]
[TimeControl "180+2"]
[Date "2023.06.27"]
[WhiteClock "0:02:22"]
[BlackClock "0:02:05"]
[Board "175"]

1. e4 c5 2. Nc3 Nc6 3. Nf3 Nf6 4. d4 cxd4 5. Nxd4 e5 6. Ndb5 d6 7. Nd5 Nxd5 8. exd5 Ne7 9. c3 a6 10. Qa4 axb5 11. Bxb5+ Bd7 12. Bxd7+ Qxd7 13. Qxa8+ 1-0


[Site "https://www.chess.com"]

[Event "Titled Tuesday Blitz June 27 Late 2023"]
[White "Sloan, Julia Elizabeth"]
[Black "Bayramov, Zaur"]
[WhiteFideId "2018950"]
[BlackFideId "13405080"]
[WhiteElo "2098"]
[BlackElo "2550"]
[Result "0-1"]
[Round "1"]
[TimeControl "180+2"]
[Date "2023.06.27"]
[WhiteClock "0:01:09"]
[BlackClock "0:01:00"]
[Board "176"]

1. d4 Nf6 2. c4 e6 3. Nf3 Bb4+ 4. Bd2 Bxd2+ 5. Qxd2 d5 6. Nc3 O-O 7. e3 b6 8. Ne5 Bb7 9. cxd5 exd5 10. Bd3 Nbd7 11. Nxd7 Qxd7 12. O-O c5 13. dxc5 bxc5 14. Rad1 Rad8 15. Qc2 Qg4 16. f3 Qg5 17. Qf2 Rfe8 18. Bb5 Re7 19. h3 Qxe3 20. Qxe3 Rxe3 21. Kf2 Re6 22. g4 g5 23. Bd3 Rde8 24. Bf5 Re5 25. Rfe1 d4 26. Rxe5 Rxe5 27. Na4 Bc6 28. b3 Bxa4 29. bxa4 Nd5 30. Be4 Nc3 31. Rc1 Nxa2 32. Rc4 Nc3 33. Bd3 a5 34. Bf5 h6 35. Kf1 Kf8 36. Kf2 Ke7 37. Kg3 Kd6 38. h4 f6 39. hxg5 hxg5 40. Be4 Re8 41. Bd3 Re3 42. Bf5 Kd5 43. Rxc3 dxc3 0-1


[Site "https://www.chess.com"]

[Event "Titled Tuesday Blitz June 27 Late 2023"]
[White "Vaglio Mattey, Emanuel"]
[Black "Sanchez, Robert"]
[WhiteFideId "6504167"]
[BlackFideId "2034360"]
[WhiteElo "2548"]
[BlackElo "2095"]
[Result "1-0"]
[Round "1"]
[TimeControl "180+2"]
[Date "2023.06.27"]
[WhiteClock "0:00:20"]
[BlackClock "0:00:11"]
[Board "177"]

1. Nf3 Nf6 2. b3 d6 3. Bb2 e5 4. e3 Nc6 5. d4 e4 6. Nfd2 d5 7. c4 Nb4 8. h3 c6 9. a3 Na6 10. Nc3 Nc7 11. Rc1 Bd6 12. Be2 O-O 13. b4 a6 14. Qb3 b5 15. cxd5 cxd5 16. O-O Be6 17. f4 exf3 18. Bxf3 Qd7 19. Qd1 Rfe8 20. e4 dxe4 21. Ndxe4 Nxe4 22. Nxe4 Rad8 23. Nc5 Bxc5 24. dxc5 Qe7 25. Qc2 Qg5 26. Rcd1 Bxh3 27. Qc3 Rxd1 28. Rxd1 Bf5 29. Qd2 Qg6 30. Qf4 Ne6 31. Qd6 h5 32. c6 Rd8 33. Qe5 Rxd1+ 34. Bxd1 Be4 35. g3 Bxc6 36. Bxh5 Qh6 37. Be2 Qh1+ 38. Kf2 Qg2+ 39. Ke1 Be4 40. Kd2 g6 41. Qh8# 1-0


[Site "https://www.chess.com"]

[Event "Titled Tuesday Blitz June 27 Late 2023"]
[White "Torres Dominguez, David"]
[Black "Berezin, Viktor"]
[WhiteFideId "2220857"]
[BlackFideId "14107872"]
[WhiteElo "2094"]
[BlackElo "2548"]
[Result "1-0"]
[Round "1"]
[TimeControl "180+2"]
[Date "2023.06.27"]
[WhiteClock "0:00:12"]
[BlackClock "0:00:11"]
[Board "178"]

1. e4 g6 2. Nc3 Bg7 3. d4 d6 4. Bf4 Nf6 5. Qd2 c6 6. Bh6 O-O 7. O-O-O b5 8. f3 Qa5 9. Kb1 Nbd7 10. h4 b4 11. Nce2 Nb6 12. Nc1 Na4 13. Nb3 Qh5 14. Bxg7 Kxg7 15. g4 Nxg4 16. fxg4 Bxg4 17. Be2 a5 18. Bxg4 Qxg4 19. Qe2 Qxe2 20. Nxe2 Nb6 21. Nd2 h5 22. Rhg1 a4 23. Nf4 Kh7 24. Nf3 Nc4 25. Ng5+ Kh6 26. Rg3 Rab8 27. Re1 e5 28. dxe5 dxe5 29. Nd3 b3 30. cxb3 axb3 31. a3 Rbd8 32. Rc1 Nd2+ 33. Ka1 Rd6 34. Nxe5 Kg7 35. Ngf3 Nxe4 36. Rg2 c5 37. Nc4 Rd5 38. Na5 Rb8 39. Re2 f5 40. Ng5 Nxg5 41. hxg5 Kf7 42. Rce1 Rd7 43. Nc6 Rbd8 44. Ne5+ Kf8 45. Nxd7+ Rxd7 46. Re3 c4 47. Rc3 Rd4 48. a4 h4 49. a5 Rd5 50. a6 Ra5+ 51. Kb1 Rxa6 52. Rxc4 h3 53. Rh4 Kf7 54. Rh7+ Kg8 55. Rb7 Ra4 56. Re8# 1-0


[Site "https://www.chess.com"]

[Event "Titled Tuesday Blitz June 27 Late 2023"]
[White "Ljukin, Sergei"]
[Black "Winkels, Marcel"]
[WhiteFideId "14102200"]
[BlackFideId "1003887"]
[WhiteElo "2546"]
[BlackElo "2093"]
[Result "1-0"]
[Round "1"]
[TimeControl "180+2"]
[Date "2023.06.27"]
[WhiteClock "0:01:54"]
[BlackClock "0:00:00"]
[Board "179"]

1. e4 c5 2. Nf3 d6 3. d4 cxd4 4. Nxd4 Nf6 5. Nc3 a6 6. Bg5 e6 7. f4 Be7 8. Qf3 Qc7 9. O-O-O Nbd7 10. g4 h6 11. Bxf6 Bxf6 12. h4 Nb6 13. g5 Bxd4 14. Rxd4 Qc5 15. Rd2 Bd7 16. Qd3 hxg5 17. fxg5 O-O-O 18. Qxd6 Qxd6 19. Rxd6 Bc6 20. Rxd8+ Kxd8 21. Be2 Ke7 22. h5 Nd7 23. a4 Ne5 24. b4 Bd7 25. Kb2 Rc8 26. Kb3 Rd8 27. Rd1 Rh8 28. a5 Be8 29. Na4 1-0


[Site "https://www.chess.com"]

[Event "Titled Tuesday Blitz June 27 Late 2023"]
[White "Ng, Matthew K"]
[Black "Nasir, Zehn"]
[WhiteFideId "2094371"]
[BlackFideId "2613239"]
[WhiteElo "2092"]
[BlackElo "2545"]
[Result "0-1"]
[Round "1"]
[TimeControl "180+2"]
[Date "2023.06.27"]
[WhiteClock "0:00:00"]
[BlackClock "0:00:07"]
[Board "180"]

1. e4 c6 2. d4 d5 3. exd5 cxd5 4. Bd3 Nc6 5. c3 Qc7 6. Ne2 Bg4 7. h3 Bh5 8. Bf4 Qxf4 9. Nxf4 Bxd1 10. Kxd1 e6 11. Re1 Nf6 12. Nd2 Bd6 13. Ne2 O-O 14. Nf3 Rab8 15. Bb5 Rfc8 16. Ng3 Bxg3 17. fxg3 a6 18. Bd3 b5 19. Ne5 Nxe5 20. Rxe5 a5 21. Kd2 b4 22. Rb1 Kf8 23. g4 h6 24. Ree1 Ke7 25. g3 Kd6 26. cxb4 axb4 27. Rec1 Rxc1 28. Rxc1 Ra8 29. Bb1 Nd7 30. Ke3 Nb6 31. b3 Rc8 32. Rxc8 Nxc8 33. h4 g5 34. Bh7 f6 35. Bd3 Na7 36. Kd2 Nc6 37. Ke3 e5 38. dxe5+ Kxe5 39. Bb5 Nd4 40. Bd7 Nc2+ 41. Kd2 Na3 42. Kd3 Nb1 43. Bf5 Na3 44. Bd7 d4 45. Bc6 Nb1 46. Be8 Nc3 47. Bg6 Nxa2 48. Kc4 Nc1 49. Kxb4 d3 50. Kc3 d2 51. Kxd2 Nxb3+ 52. Kc3 Nd4 53. h5 Ne2+ 54. Kd3 Nxg3 55. Ke3 Nf1+ 56. Ke2 Nh2 57. Kf2 Nxg4+ 58. Kg3 Ne3 59. Kf3 Nd5 60. Bf7 Nf4 61. Be8 f5 62. Kg3 Ne2+ 63. Kf2 Nd4 64. Ke3 Ne6 65. Bd7 f4+ 66. Kf3 Kf5 67. Bc8 g4+ 68. Kf2 Ke5 0-1


[Site "https://www.chess.com"]